 Dungeon Crawl Stone Soup version 0.27-a0-1200-g94dc6ad4cf (webtiles) character file.

Game seed: 6053592522702265950

548 bilbop the Cudgeller (level 7, -9/61 HPs)
             Began as a Minotaur Fighter on June 2, 2021.
             Was an Elder of Qazlal.
             Killed from afar by Dowan (16 damage)
             ... with a shard of ice
             ... on level 4 of the Dungeon.
             The game lasted 00:17:21 (4517 turns).

bilbop the Cudgeller (Minotaur Fighter)             Turns: 4517, Time: 00:17:22

Health: -9/61      AC:  7    Str: 21    XL:     7   Next: 7%
Magic:  7/7        EV:  7    Int:  5    God:    Qazlal [****..]
Gold:   67         SH: 15    Dex: 11    Spells: 6/6 levels left

rFire    . . .     SeeInvis .   a - +0 flail
rCold    . . .     Faith    .   c - +0 kite shield
rNeg     . . .     Spirit   .   l - +0 scale mail
rPois    .         Reflect  .   (helmet restricted)
rElec    .         Harm     .   (no cloak)
rCorr    .         Rampage  .   (no gloves)
Will     .....                  (no boots)
Stlth    ..........             (no amulet)
HPRegen  0.20/turn              (no ring)
MPRegen  0.10/turn              (no ring)

@: repel missiles
A: horns 2, retaliatory headbutt
a: Renounce Religion, Upheaval, Elemental Force


You were on level 4 of the Dungeon.
You worshipped Qazlal.
Qazlal was greatly pleased with you.
You visited 1 branch of the dungeon, and saw 4 of its levels.
You also visited: Sewer.

You collected 67 gold pieces.

Inventory:

Hand Weapons
 a - a +0 flail (weapon)
 b - a +0 hunting sling
Missiles
 f - 48 sling bullets
Armour
 c - a +0 kite shield (worn)
 l - a +0 scale mail (worn)
Wands
 s - a wand of digging (6)
Scrolls
 e - 2 scrolls of teleportation {unknown}
 h - 2 scrolls of enchant weapon {unknown}
 j - a scroll of fear {unknown}
 k - a scroll of summoning {unknown}
 m - a scroll of immolation {unknown}
 n - 3 scrolls of blinking {unknown}
 o - a scroll of acquirement {unknown}
 p - a scroll of identify {unknown}
Potions
 d - a potion of might
 g - 2 potions of degeneration {unknown}
 i - 2 potions of haste {unknown}
 r - a potion of brilliance {unknown}


   Skills:
 + Level 5.2 Fighting
 * Level 5.8 Maces & Flails
 + Level 5.1 Armour
 + Level 5.1 Shields
 + Level 2.5 Invocations


You had 6 spell levels left.
You didn't know any spells.
Your spell library contained the following spells:

 Spells                   Type           Power      Damage    Failure   Level
 Beastly Appendage        Tmut           0%         N/A       99%         1
 Wereblood                Tmut           0%         N/A       100%        2
 Spider Form              Tmut/Pois      0%         N/A       100%        3
 Ice Form                 Ice/Tmut       0%         N/A       100%        4
 Hydra Form               Tmut           0%         N/A       100%        5


Dungeon Overview and Level Annotations

Branches:
Dungeon (4/15)              Sewer (visited)
 Temple: D:4-7

Altars:
Qazlal

Shops:
D:1 ?!=[

Annotations:
D:4 Dowan


Innate Abilities, Weirdness & Mutations

You have a pair of horns on your head.
You reflexively headbutt those who attack you in melee.


Message History

You hit Dowan but do no damage.
Dowan hits you with a +1 dagger of distortion.
Space bends around you! You block Dowan's attack.
You are too injured to fight recklessly!
You sock Dowan!
Dowan is heavily wounded.
Dowan gestures at you while chanting. The shard of ice hits you!!
* * * LOW HITPOINT WARNING * * *
Dowan hits you but does no damage.
You closely miss Dowan.
Dowan is heavily wounded.
You block Dowan's attack.
Dowan mumbles some strange words.
Dowan blinks!
Okay, then.
You are too injured to fight recklessly!
Throw: throwing net
Press: ? - help, Q - select action, (/) - cycle Shift-Dir - straight line, f - Dowan
Aim: Dowan, wielding a +1 dagger of distortion and wearing a +0 robe (heavily wounded, fast, 46% to hit)
You throw a throwing net. The throwing net hits Dowan.
Dowan is caught in the net!
Dowan is heavily wounded.
Dowan mumbles some strange words.
Dowan blinks!
You closely miss Dowan. You headbutt Dowan.
Dowan is heavily wounded.
Dowan barely misses you. You block Dowan's attack.
You closely miss Dowan. Your headbutt misses Dowan.
Dowan is heavily wounded.
You block Dowan's attack. x2
You sock Dowan!
Dowan is almost dead.
Dowan mumbles some strange words.
Dowan blinks!
Dowan gestures wildly while chanting.
Dowan blinks!
Dowan points at you and mumbles some strange words.
The shard of ice hits you!
You die...

#.......# # #.......# .#
#.......#### #.#
#...........# #..
##.#..#.####.#####)# #
#.#..#.# #......#.###
#.#....#####☼...........
#.##.#.......§.)....####
#.# .........@##.### #.#
#####.e○### .# #.# #...#
.# #.# ###...# .# #.#
..#...####.## #.#
#.#(......... #.#
#.#..#####.## #.# #.#..#
#.# #.#..#


You could see Dowan (fast).

Vanquished Creatures
  Duvessa (D:4)
  2 bullfrogs (Sewer)
  A scorpion (D:2)
  A killer bee zombie (D:4)
  9 adders
  4 dart slugs
  An orc (D:3)
  22 ball pythons
  17 endoplasms
  17 giant cockroaches
  7 goblins
  4 hobgoblins
  6 jackals
  6 kobolds
  20 quokkas
  7 bats
  10 frilled lizards
  5 rats
140 creatures vanquished.

Notes
Turn   | Place    | Note
-------+----------+-------------------------------------------
     0 | D:1      | bilbop the Minotaur Fighter began the quest for the Orb.
     0 | D:1      | Reached XP level 1. HP: 19/19 MP: 0/0
    95 | D:1      | Found a faded altar of an unknown god.
   113 | D:1      | Became a worshipper of Qazlal Stormbringer
   113 | D:1      | Reached * piety under Qazlal
   116 | D:1      | Found Unianuw's Jewellery Boutique.
   122 | D:1      | Found Osoqat's Distillery.
   160 | D:1      | Found Suekuclu's Armour Emporium.
   178 | D:1      | Reached XP level 2. HP: 27/27 MP: 1/1
   901 | D:1      | Found Juwiager's Magic Scroll Emporium.
  1350 | D:2      | Reached XP level 3. HP: 33/33 MP: 2/2
  1447 | D:2      | Reached ** piety under Qazlal
  1965 | D:2      | Noticed a scorpion
  1974 | D:2      | Killed a scorpion
  1975 | D:2      | Reached skill level 1 in Invocations
  1975 | D:2      | Reached XP level 4. HP: 39/40 MP: 3/3
  2358 | D:3      | Found a glowing drain.
  2387 | Sewer    | Entered a sewer
  2440 | Sewer    | Reached XP level 5. HP: 43/47 MP: 5/5
  2472 | Sewer    | Reached *** piety under Qazlal
  3012 | Sewer    | Reached **** piety under Qazlal
  3066 | Sewer    | Reached skill level 5 in Maces & Flails
  3066 | Sewer    | Reached XP level 6. HP: 27/55 MP: 6/6
  3696 | D:3      | Reached skill level 5 in Fighting
  4326 | D:4      | Reached skill level 5 in Armour
  4437 | D:4      | Reached skill level 5 in Shields
  4487 | D:4      | Noticed Duvessa
  4492 | D:4      | Noticed Dowan
  4501 | D:4      | Killed Duvessa
  4502 | D:4      | Reached XP level 7. HP: 41/61 MP: 7/7
  4517 | D:4      | Killed from afar by Dowan

Illustrated notes

Levels and vault maps discovered:
D:1:      dpeg_arrival_water_fire, layout_basic,
          ebering_ecumenical_altar_sacrificial, serial_shops,
          nicolae_shop_crystal, shop, shop, shop, minmay_cut_off
D:2:      layout_basic
D:3:      layout_loops_corners, gup_sewer_entry_pipe
D:4:      layout_loops_ring, lemuel_round_altar,
          minmay_temple_entry_from_below_a, solitary_fountain,
          minmay_misc_feat_encased, uniq_duvessa

Skill      XL: |  1  2  3  4  5  6 |
---------------+-------------------+-----
Maces & Flails | 3 4 5 |  5.8
Fighting       | 4 5 |  5.2
Armour         | 4 5 |  5.1
Shields        | 4 5 |  5.1
Invocations    | 1 2 |  2.5

Action                   |  1- 3 |  4- 6 |  7- 9 || total
-------------------------+-------+-------+-------++-------
Melee: Flail             |    85 |   276 |     7 ||   368
       Headbutt          |    13 |    28 |     1 ||    42
 Fire: Hunting sling     |       |    16 |       ||    16
Throw: Throwing net      |       |       |     1 ||     1
Armor: Scale mail        |    36 |    90 |     3 ||   129
Dodge: Dodged            |    40 |    83 |     1 ||   124
Block: Kite shield       |    48 |   264 |     7 ||   319

Table legend: (Time is in decaauts)
 A = Elapsed time spent in this place.
 B = Non-inter-level travel time spent in this place.
 C = Inter-level travel time spent in this place.
 D = Time resting spent in this place.
 E = Time spent auto-exploring this place.
 F = Levels seen in this place.
 G = Mean time per level.
                   A        B        C        D        E       F      G
               +--------+--------+--------+--------+--------+-----+--------+
         Total |   4736 |   4583 |    153 |    250 |   3484 |   5 |  947.2 |
       Dungeon |   3606 |   3453 |    153 |      0 |   2993 |   4 |  901.5 |
         Sewer |   1129 |   1129 |      0 |    250 |    491 |   1 | 1129.0 |
               +--------+--------+--------+--------+--------+-----+--------+

Top non-repeatable levels by time:
     D:1: 1367 daAuts
   Sewer: 1129 daAuts
     D:3: 1045 daAuts
     D:2: 932 daAuts
     D:4: 261 daAuts
